 Dungeon Crawl Stone Soup version 0.31-a0-117-g42d8f58691 (webtiles) character file.

Game seed: 17930487647857942098

1657034 Flugkiller the Warrior (level 25, 190/190 HPs)
             Began as a Mummy Wanderer on May 30, 2023.
             Was the Champion of Hepliaklqana.
             Escaped with the Orb
             ... and 3 runes on May 31, 2023!
             The game lasted 01:51:03 (67626 turns).

Flugkiller the Warrior (Mummy Wanderer)            Turns: 67626, Time: 01:51:03

Health: 190/190    AC: 38    Str: 22 (23) XL:     25   Next: 47%
Magic:  39/39      EV: 13    Int:  9 (17) God:    Hepliaklqana [******]
Gold:   4646       SH: 20    Dex: 13      Spells: 26/48 levels left

rFire   + + .        n - +9 eveningstar (vamp)
rCold   + + +        T - +2 tower shield {rC+ rF+}
rNeg    + + +        r - +8 storm dragon scales {Bai Suzhen}
rPois   ∞            k - +0 helmet
rElec   +            V - scarf {repulsion}
rCorr   .            S - +3 pair of gauntlets of War {Slay+5}
SInv    .            f - +5 pair of boots of Apathy {Harm rF+ rC+ rN+}
Will    ++++.        L - amulet "Najentohodd" {Spirit rC+ Will+ Str+3} Stlth
                     v - +5 ring of evasion
HPRegen 0.51/turn    p - ring of protection from fire
MPRegen 0.26/turn

%: harm (+30% outgoing, +20% incoming), repel missiles, guardian spirit, faith
@: magic-sapped, studying Ice Magic
A: reduced essence, cold resistance 1, negative energy resistance 3, torment
resistance 2, heat vulnerability 1, in touch with death 2, no potions, faith
0: Orb of Zot
}: 3/15 runes: barnacled, abyssal, gossamer
a: Renounce Religion, Recall Ancestor, Ancestor Identity, Transference, Idealise


You escaped.
You worshipped Hepliaklqana.
Hepliaklqana was exalted by your worship.
You visited 10 branches of the dungeon, and saw 47 of its levels.
You visited the Abyss 1 time.
You visited 1 bazaar.
You also visited: Sewer and Ice Cave.

You collected 7194 gold pieces.
You spent 2548 gold pieces at shops.

Inventory:

Hand Weapons
 n - a +9 vampiric eveningstar (weapon)
   (You acquired it on level 11 of the Dungeon)
Missiles
 b - 5 curare-tipped darts
 C - 6 throwing nets
Armour
 f - the +5 pair of boots of Apathy (worn) {Harm rF+ rC+ rN+}
   (You acquired it on level 1 of the Depths)

   rF:        It protects you from fire.
   rC:        It protects you from cold.
   rN:        It protects you from negative energy.
   Harm:      It increases damage dealt and taken.
 k - a +0 helmet (worn)
   (You took it off Robin on level 1 of the Dungeon)
 r - +8 storm dragon scales (worn) {Bai Suzhen}
   (You found it on level 2 of the Depths)
 w - the -2 hat of the Alchemist {rElec rPois rF+ rC+ rN+ Will+ rMut rCorr}
   (You found it on level 8 of the Dungeon)

   rF:        It protects you from fire.
   rC:        It protects you from cold.
   rElec:     It insulates you from electricity.
   rPois:     It protects you from poison.
   rN:        It protects you from negative energy.
   rCorr:     It protects you from acid and corrosion.
   rMut:      It protects you from mutation.
   Will:      It increases your willpower.
 G - a +2 pair of boots
   (You found it in an ice cave)
 S - the +3 pair of gauntlets of War (worn) {Slay+5}
   (You found it on level 15 of the Dungeon)

   Slay:      It affects your accuracy & damage with ranged weapons and melee
   (+5).
 T - a +2 tower shield of resistance (worn)
   (You took it off Louise on level 15 of the Dungeon)
 V - a scarf of repulsion (worn)
   (You bought it in a shop on level 2 of the Orcish Mines)
Jewellery
 d - a ring of fire
   (You found it on level 4 of the Dungeon)
 g - a ring of flight
   (You found it on level 3 of the Dungeon)
 h - the ring "Kunak" {rC+ rN+ Stlth+}
   (You found it on level 7 of the Dungeon)

   [ring of protection from cold]

   rC:        It protects you from cold.
   rN:        It protects you from negative energy.
   Stlth:     It makes you more stealthy.
 i - a ring of see invisible
   (You found it on level 11 of the Dungeon)
 j - a +4 ring of slaying
   (You found it on level 11 of the Dungeon)
 p - a ring of protection from fire (right hand)
   (You found it on level 4 of the Dungeon)
 q - a +4 ring of protection
   (You found it on level 2 of the Spider Nest)
 u - a +6 ring of dexterity
   (You found it on level 1 of the Lair of Beasts)
 v - a +5 ring of evasion (left hand)
   (You found it on level 11 of the Dungeon)
 L - the amulet "Najentohodd" (around neck) {Spirit rC+ Will+ Str+3}
   (You bought it in a shop on level 2 of the Orcish Mines)

   [amulet of guardian spirit]

   It causes incoming damage to be divided between your reserves of health and
   magic.
   Str:       It affects your strength (+3).
   rC:        It protects you from cold.
   Will:      It increases your willpower.
 U - the ring "Gokeufa" {rN+ Will++ Int-5 Stlth+}
   (You found it on level 2 of the Spider Nest)

   [ring of positive energy]

   Int:       It affects your intelligence (-5).
   rN:        It protects you from negative energy.
   Will:      It greatly increases your willpower.
   Stlth:     It makes you more stealthy.
Wands
 o - a wand of paralysis (51)
   (You found it on level 6 of the Dungeon)
 s - a wand of roots (23)
   (You found it on level 4 of the Lair of Beasts)
 x - a wand of mindburst (14)
   (You found it on level 8 of the Dungeon)
 y - a wand of polymorph (36)
   (You found it on level 10 of the Dungeon)
 F - a wand of flame (66)
   (You found it on level 8 of the Dungeon)
 H - a wand of digging (31)
   (You found it on level 1 of the Lair of Beasts)
 N - a wand of acid (15)
   (You found it on level 3 of the Lair of Beasts)
Scrolls
 c - 3 scrolls of fear
 e - a scroll of summoning
 m - 10 scrolls of poison
 t - 5 scrolls of teleportation
 z - 2 scrolls of blinking
 A - 5 scrolls of fog
 B - a scroll of enchant armour
 D - 5 scrolls of torment
 E - 5 scrolls of magic mapping
 J - 2 scrolls of silence
 K - 7 scrolls of vulnerability
 O - 3 scrolls of immolation
Miscellaneous
 a - a box of beasts
   (You found it on level 10 of the Dungeon)
 l - a phantom mirror
   (You found it on level 10 of the Dungeon)
 I - a phial of floods
   (You found it on level 5 of the Lair of Beasts)
 Q - a lightning rod (4/4)
   (You found it in an ice cave)


   Skills:
 + Level 20.4 Fighting
 - Level 16.0 Maces & Flails
 - Level 15.2 Armour
 - Level 2.2 Dodging
 - Level 15.0 Shields
 - Level 12.0 Spellcasting
 - Level 13.6 Conjurations
 - Level 11.0 Necromancy
 - Level 13.6 Transmutations
 - Level 12.0 Invocations
 - Level 10.0 Evocations


You had 26 spell levels left.
You knew the following spells:

 Your Spells              Type           Power      Damage    Failure   Level
a - Necrotise             Necr           100%       1d9       1%          1
b - Vampiric Draining     Necr           54%        2d9       4%          3
c - Dispel Undead         Necr           54%        3d20      16%         4
d - Agony                 Necr           54%        N/A       41%         5
e - Animate Dead          Necr           54%        N/A       16%         4
i - Irradiate             Conj/Tmut      15%        3d16      14%         5

Your spell library contained the following spells:

 Spells                   Type           Power      Damage    Failure   Level
 Kiss of Death            Conj/Necr      100%       2d13      1%          1
 Magic Dart               Conj           100%       1d8       1%          1
 Shock                    Conj/Air       68%        1d7       9%          1
 Sting                    Tmut/Pois      68%        1d6       9%          1
 Momentum Strike          Conj/Tloc      34%        3d8       13%         2
 Static Discharge         Conj/Air       34%        2-4/arc   13%         2
 Iskenderun's Battlesphe  Conj           30%        2d8       14%         5
 Dazzling Flash           Conj/Hex       34%        N/A       26%         3
 Hailstorm                Conj/Ice       17%        3d6       26%         3
 Stone Arrow              Conj/Erth      34%        3d9       26%         3
 Mephitic Cloud           Conj/Pois/Air  13%        N/A       56%         3
 Fulminant Prism          Conj/Hex       8%         3d7       65%         4
 Iskenderun's Mystic Bla  Conj/Tloc      17%        2d5       65%         4
 Apportation              Tloc           10%        N/A       82%         1
 Slow                     Hex            20%        N/A       82%         1
 Summon Small Mammal      Summ           20%        N/A       82%         1
 Anguish                  Hex/Necr       17%        N/A       83%         4
 Blink                    Tloc           10%        N/A       91%         2
 Call Imp                 Summ           10%        N/A       91%         2
 Ensorcelled Hibernation  Hex/Ice        10%        N/A       91%         2
 Lesser Beckoning         Tloc           10%        N/A       91%         2
 Poisonous Vapours        Pois/Air       10%        N/A       91%         2
 Alistair's Intoxication  Tmut/Pois      11%        N/A       94%         5
 Arcjolt                  Conj/Air       8%         1d18      94%         5
 Fireball                 Conj/Fire      8%         3d6       94%         5
 Yara's Violent Unravell  Hex/Tmut       8%         3d5       94%         5
 Death Channel            Necr           27%        N/A       94%         6
 Confusing Touch          Hex            5%         N/A       99%         3
 Frozen Ramparts          Ice            10%        1d2       99%         3
 Inner Flame              Hex/Fire       5%         N/A       99%         3
 Portal Projectile        Hex/Tloc       10%        N/A       99%         3
 Summon Guardian Golem    Hex/Summ       5%         N/A       99%         3
 Swiftness                Air            5%         N/A       99%         3
 Tukima's Dance           Hex            5%         N/A       99%         3
 Vhi's Electric Charge    Tloc/Air       10%        N/A       99%         3
 Volatile Blastmotes      Fire/Tloc      10%        2d10      99%         3
 Borgnjor's Vile Clutch   Necr/Erth      17%        N/A       99%         5
 Orb of Destruction       Conj           15%        9d7       99%         7
 Airstrike                Air            2%         2d(1-17)  100%        4
 Animate Armour           Summ/Erth      10%        N/A       100%        4
 Leda's Liquefaction      Hex/Erth       2%         N/A       100%        4
 Olgreb's Toxic Radiance  Pois           5%         N/A       100%        4
 Summon Ice Beast         Ice/Summ       5%         N/A       100%        4
 Summon Lightning Spire   Summ/Air       5%         N/A       100%        4
 Lee's Rapid Deconstruct  Erth           2%         3d5*      100%        5
 Conjure Ball Lightning   Conj/Air       8%         3x3d6     100%        6
 Leda's Unmaking          Conj/Erth      8%         9d2       100%        6
 Plasma Beam              Fire/Air       2%         2x1d14    100%        6
 Simulacrum               Ice/Necr       17%        N/A       100%        6
 Starburst                Conj/Fire      8%         6d4       100%        6
 Enfeeble                 Hex            2%         N/A       100%        7
 Ozocubu's Refrigeration  Ice            2%         4d8       100%        7
 Spellforged Servitor     Conj/Summ      8%         N/A       100%        7
 Summon Hydra             Summ           2%         N/A       100%        7
 Discord                  Hex            2%         N/A       100%        8
 Disjunction              Tloc           2%         N/A       100%        8
 Lehudib's Crystal Spear  Conj/Erth      8%         10d4      100%        8
 Maxwell's Capacitive Co  Air            2%         ∞         100%        8
 Polar Vortex             Ice            2%         N/A       100%        9
 Wereblood                Tmut           Unusable   N/A       N/A         2
 Sublimation of Blood     Necr           Unusable   N/A       N/A         2
 Blade Hands              Tmut           Unusable   N/A       N/A         5
 Spider Form              Tmut/Pois      Unusable   N/A       N/A         3
 Ice Form                 Ice/Tmut       Unusable   N/A       N/A         4
 Dragon Form              Tmut           Unusable   N/A       N/A         7
 Statue Form              Tmut/Erth      Unusable   N/A       N/A         6

Dungeon Overview and Level Annotations

Branches:
Dungeon (15/15)            Temple (1/1) D:4            Lair (5/5) D:10
 Shoals (4/4) Lair:3       Spider (4/4) Lair:3        Slime (0/5) Lair:5
    Orc (2/2) D:9             Elf (3/3) Orc:2        Vaults (4/5) D:14
  Crypt (0/3) Vaults:2     Depths (4/4) D:15            Zot (5/5) Depths:4
  Sewer (visited)           IceCv (visited)

Altars:
Ashenzari
Cheibriados
Dithmenos
Fedhas
Gozag
Hepliaklqana
Kikubaaqudgha
Makhleb
Nemelex Xobeh
Okawaru
Qazlal
Ru
Sif Muna
Trog
Uskayaw
Vehumet
Wu Jian
Xom
Yredelemnul

Shops:
D:10 (*   Orc:2 =*(=[   Elf:2 (   Vaults:2 ?   Depths:2 !

Portals:
Hell: Depths:1 Depths:2 Depths:3 Depths:4
Abyss: Depths:1 Depths:3 Depths:4
Pandemonium: Depths:2 Depths:3
Ziggurat: Depths:3
Trove: Depths:1 (give 6 scrolls of fear)

Annotations:
D:2 Crazy Yiuf
Lair:2 1 runed translucent door, Shym's ghost, journeyman DjCj
Lair:4 1 runed translucent door, Buethreca's ghost, journeyman TeAE
Elf:2 11 runed translucent doors
Vaults:1 3 runed translucent doors
Depths:1 1 runed translucent door
Depths:3 exclusions: dread lich and 3 more exclusions
Depths:4 exclusions: hell hog, 2 hell knights and 2 more exclusions


Innate Abilities, Weirdness & Mutations

Your life essence is reduced to manifest your ancestor. (-10% HP)
You are immune to poison.
Your flesh is cold resistant. (rC+)
You are immune to negative energy. (rN+++)
You are immune to unholy pain and torment.
You are vulnerable to heat. (rF-)
You are strongly in touch with the powers of death.
You do not drink.
You have a special connection with the divine. (Faith)


Message History

You block the Orb Guardian's attack. The Orb Guardian barely misses you.
You impale the Orb Guardian!!
The Orb Guardian is severely wounded.
The Orb Guardian barely misses you.
You hit the Orb Guardian but do no damage.
The Orb Guardian is severely wounded.
You block the Orb Guardian's attack.
Lici casts a spell at the Orb Guardian.
The bolt of magma hits the Orb Guardian!
You perforate the Orb Guardian like a sieve!!!
You kill the Orb Guardian!
There is a stone staircase leading up here.
You climb upwards.
There is a stone staircase leading down here.
(D) Dungeon (T) Temple (L) Lair (A) Shoals (N) Spider Nest (M) Slime Pits (O) Orcish Mines (E) Elven Halls (V) Vaults (C) Crypt (U) Depths (H) Hell (Z) Zot
Where to? (Enter - D:1 @ (x,y), ? - help)
There is a stone staircase leading up here.
You climb upwards.
Level annotation: Crazy Yiuf
There is a stone staircase leading down here.
Things that are here:
a +0 dagger; a +0 dagger; a +0 sling
There is a stone staircase leading up here.
You climb upwards.
There is a stone staircase leading down here.
Things that are here:
a +0 scale mail; a +0 short sword A demonspawn warmonger and a reaper come into view.
The demonspawn warmonger is wielding a +4 demon blade of pain and wearing a +0 kite shield of protection.
The reaper is wielding a +2 heavy scythe.
Unknown command.
The demonspawn warmonger calls down the wrath of its god upon you.
Your magic feels tainted.
Lici casts a spell.
Lici seems to speed up.
There is an open door, spattered with blood here.
You see here a +0 dagger.
The demonspawn warmonger mumbles some strange prayers to its god against you.
Your magic feels more tainted.
Lici hits the demonspawn warmonger with a +0 lajatang of freezing!!
Lici freezes the demonspawn warmonger.
The demonspawn warmonger blocks Lici's attack.
Lici hits the demonspawn warmonger with a +0 lajatang of freezing!
Lici freezes the demonspawn warmonger.
You block the demonspawn warmonger's attack. x2
The demonspawn warmonger gores you. The reaper closely misses you.
The demonspawn warmonger blocks your attack.
The demonspawn warmonger is moderately wounded.
Lici hits the demonspawn warmonger with a +0 lajatang of freezing.
Lici freezes the demonspawn warmonger.
The demonspawn warmonger blocks your attack.
The demonspawn warmonger is heavily wounded.
Lici points at the demonspawn warmonger and mumbles some strange words.
The bolt of magma hits the demonspawn warmonger!!
The demonspawn warmonger closely misses Lici. x2
The demonspawn warmonger gores Lici!
You block the reaper's attack.
Lici casts a spell at the demonspawn warmonger.
The bolt of magma hits the demonspawn warmonger!
You catch the helpless demonspawn warmonger completely off-guard!
You bludgeon the demonspawn warmonger!!
The demonspawn warmonger is almost dead.
The demonspawn warmonger closely misses you.
You block the demonspawn warmonger's attack. x2
Lici hits the demonspawn warmonger with a +0 lajatang of freezing!!!
Lici freezes the demonspawn warmonger.
The demonspawn warmonger dies!
You puncture the reaper!
The reaper is moderately wounded.
You block the reaper's attack.
You sock the reaper!
The reaper is moderately wounded.
Lici closely misses the reaper.
Lici hits the reaper with a +0 lajatang of freezing!!!
Lici freezes the reaper.
You closely miss the reaper.
The reaper is almost dead.
You block the reaper's attack.
Lici gestures at the reaper while chanting.
The bolt of magma hits the reaper!
The reaper dies!
No target in view!
Things that are here:
a +4 demon blade of pain; a +0 plate armour; a +0 kite shield of protection You see here a +2 heavy scythe.
(D) Dungeon (T) Temple (L) Lair (A) Shoals (N) Spider Nest (M) Slime Pits (O) Orcish Mines (E) Elven Halls (V) Vaults (C) Crypt (U) Depths (H) Hell (Z) Zot
Where to? (Enter - D:1 @ (x,y), ? - help) HP restored.
Lici is no longer moving quickly.
There is an open door here.
You open the door.
There is an open door here.
There is an open door here.
There is a staircase leading out of the dungeon here.
Enter note: gg You have escaped!

#.....# #.....#
### #.....# #..
####.## #.. #.#
#.. #.# #.. #.#
#.. #.# ### #..
#.# #@# #.. #.#
###R### #.. #.#
#.'.+[# #.. #.#
###.###.### #..
#.# #.'#'.'#'.#
#..
#.####.###.###.###
#..
#.##.'#+.+#+.+#'.#
#..
#.##.###.###.###.#
#..
#................#
###


You could see the friendly Lici the battlemage.

Vanquished Creatures
  2 dread liches (Zot:5)
  Mara (Depths:2)
  6 orbs of fire
  An ancient lich (Zot:2)
  Bai Suzhen (Depths:2)
  4 Killer Klowns
  2 curse toes
  3 golden dragons
  3 bone dragons
  Arachne (Spider:2)
  7 tentacled monstrosities
  17 Orb Guardians
  2 quicksilver dragons
  A deep elf master archer (Elf:3)
  Polyphemus (Shoals:3)
  A sphinx (Vaults:1)
  6 death cobs
  Agnes (Spider:2)
  A tentacled starspawn (Abyss:3)
  10 shadow dragons
  3 tengu reavers
  Ilsuiw (Shoals:4)
  8 storm dragons
  A nagaraja (Depths:1)
  2 draconian knights (Zot:2)
  6 frost giants
  4 emperor scorpions
  4 fire giants
  2 draconian monks (Zot:2)
  9 vault wardens
  A balrug (Depths:3)
  Aizul (Shoals:1)
  7 ghost moths
  An orc warlord (Orc:2)
  A draconian scorcher (Zot:2)
  2 deep elf sorcerers
  2 draconian shifters
  2 spriggan defenders (Depths:2)
  5 draconian annihilators
  A reaper (Depths:4)
  4 broodmothers
  2 draconian stormcallers (Zot:4)
  3 deep elf elementalists (Elf:3)
  3 war gargoyles
  9 stone giants
  2 very ugly things
  6 ironbound preservers
  7 black draconians
  5 white draconians
  5 ironbound thunderhulks
  A deep elf demonologist (Elf:3)
  2 deep elf annihilators (Elf:3)
  2 yellow draconians
  4 green draconians
  2 red draconians
  8 spark wasps
  5 purple draconians
  4 deep elf death magi (Elf:3)
  6 ettins
  6 merfolk impalers
  A green death (Depths:4)
  2 great orbs of eyes (Vaults:3)
  2 merfolk javelineers (Shoals:4)
  4 fire dragons
  2 ice dragons
  3 hydras
  4 yaktaur captains
  A deep elf high priest (Elf:1)
  3 entropy weavers
  A peacekeeper (Vaults:3)
  A rakshasa (Depths:2)
  A spriggan air mage (Depths:2)
  4 radroaches
  6 vault guards (Vaults:4)
  An alligator snapping turtle (Shoals:2)
  2 jorogumos
  8 centaur warriors
  An ogre mage (Vaults:4)
  An ironbound frostheart (Vaults:3)
  6 boulder beetles
  10 dancing weapons
  4 merfolk aquamancers (Shoals:4)
  3 two-headed ogres
  9 deep troll shamans
  A satyr (Shoals:4)
  2 spriggan berserkers
  7 tengu warriors
  9 deep troll earth magi
  13 death yaks
  5 hell knights
  A large abomination (Abyss:3)
  5 soul eaters
  4 orc high priests
  A sun demon (Depths:4)
  A titan skeleton (Vaults:2)
  6 iron trolls
  4 skysharks
  A salamander mystic (Depths:4)
  10 skeletal warriors
  4 deep elf knights
  4 sun moths
  8 pharaoh ants
  2 wretched stars (Abyss:3)
  6 sea snakes
  3 flayed ghosts
  A death drake (shapeshifter) (D:14)
  42 deep trolls
  5 deep elf archers
  7 orb spiders
  Pikel (D:5)
  An orange crystal statue (Elf:3)
  A swamp dragon (Vaults:4)
  2 glowing orange brains
  3 necromancers
  2 wizards
  8 ironbound convokers
  9 deep elf zephyrmancers
  10 steelbarb worms
  11 orc knights
  15 harpies
  9 manticores
  7 orc sorcerers
  15 deep elf pyromancers
  9 ugly things
  A salamander (shapeshifter) (D:15)
  6 cyclopes
  18 wolf spiders
  A tengu skeleton (Vaults:2)
  8 fauns
  4 black mambas
  19 moths of wrath
  A fire giant skeleton (Vaults:2)
  3 salamanders (Depths:4)
  18 elephants
  6 merfolk sirens
  12 demonic crawlers
  A stone giant skeleton (Vaults:2)
  A guardian serpent (shapeshifter) (Elf:1)
  2 ice statues (IceCv)
  3 water nymphs
  7 vault sentinels
  5 torpor snails
  5 cane toads
  An orange demon (Abyss:3)
  5 smoke demons
  2 gargoyles
  A rime drake (Lair:4)
  2 freezing wraiths
  8 komodo dragons
  10 yaktaurs
  An anaconda simulacrum (Lair:1)
  An ice devil (Lair:1)
  A tormentor (D:11)
  A human skeleton (Vaults:2)
  A yaktaur skeleton (Vaults:2)
  6 meliai (Spider:4)
  7 trolls
  2 red devils
  4 hornets
  16 merfolk
  10 polar bears
  5 wind drakes
  2 hornets (shapeshifter)
  10 tarantellas
  A hellwing (Depths:3)
  A raiju (Abyss:3)
  5 blink frogs
  A raiju (shapeshifter) (Spider:3)
  A blink frog (shapeshifter) (Elf:1)
  19 slime creatures
  15 dream sheep
  2 air elementals
  3 snapping turtles
  An ettin skeleton (Abyss:3)
  7 water elementals
  7 spriggans
  24 culicivoras
  25 jumping spiders
  A shadow (D:11)
  A deep troll skeleton (Vaults:2)
  A wyvern (Lair:3)
  2 wraiths
  2 vampires
  3 basilisks
  2 golden eyes (Abyss:2)
  12 yaks
  A ynoxinul (Depths:3)
  31 redbacks
  2 vampire mosquitoes
  2 fire bats (Lair:1)
  3 starcursed masses (Abyss:3)
  A fire elemental (Elf:3)
  A human simulacrum (Vaults:4)
  2 chaos spawn
  4 wargs
  A hydra simulacrum (IceCv)
  A small abomination (Abyss:3)
  A harpy simulacrum (IceCv)
  A glowing shapeshifter skeleton (Vaults:2)
  2 floating eyes
  5 water moccasins
  A battlemage (Spider:3)
  16 orc warriors
  A black bear (shapeshifter) (D:15)
  3 black bears
  2 ice beasts
  9 centaurs
  2 ogres
  28 wolves
  4 boggarts
  2 lemures
  3 scorpions
  11 bullfrogs
  2 gnoll sergeants
  A cane toad simulacrum (IceCv)
  4 wights
  2 elephant simulacra (IceCv)
  3 howler monkeys
  3 lava snakes
  5 jellies
  4 orc priests
  A hound (D:4)
  Terence (D:1)
  5 iguanas
  2 sleepcaps
  A spriggan simulacrum (Lair:1)
  6 orc wizards
  A polar bear simulacrum (IceCv)
  A wolf simulacrum (IceCv)
  Robin (D:1)
  2 gnolls
  8 adders
  A shadow imp (D:8)
  An ufetubus (D:5)
  3 worms
  A dart slug (D:3)
  An orc (shapeshifter) (Vaults:1)
  34 orcs
  6 ball pythons
  6 endoplasms
  15 giant cockroaches
  9 hobgoblins
  4 jackals (D:1)
  12 quokkas
  5 bats
  10 frilled lizards
  11 goblins
  6 kobolds
  23 rats
  A spectral goblin (D:2)
1250 creatures vanquished.

Vanquished Creatures (collateral kills)
  A dread lich (Depths:3)
  3 orbs of fire
  3 curse toes
  Saint Roka (Depths:2)
  2 Killer Klowns (Zot:5)
  6 golden dragons
  A Tzitzimitl (D:6)
  2 electric golems (Zot:5)
  2 walking crystal tomes
  A walking earthen tome (Depths:3)
  A lich (Depths:1)
  12 Orb Guardians
  2 quicksilver dragons
  5 tentacled monstrosities
  2 deep elf blademasters (Elf:3)
  A kraken (Shoals:4)
  A quicksilver dragon (shapeshifter) (Depths:4)
  A titan (Depths:2)
  A deep elf master archer (Elf:3)
  4 death cobs
  A sphinx (Depths:2)
  4 shadow dragons
  2 storm dragons
  2 tengu reavers
  3 draconian monks
  5 frost giants
  A demonspawn warmonger (D:1)
  An azure jelly (shapeshifter) (Depths:4)
  3 fire giants
  2 emperor scorpions
  A draconian scorcher (Zot:2)
  Louise (D:15)
  5 deep elf sorcerers
  A draconian stormcaller (Zot:3)
  5 vault wardens
  3 draconian shifters
  2 deep elf elementalists (Elf:3)
  The ghost of Hun Mipn the Crack Shot, an adept DERe of Okawaru (Spider:2)
  A ghost moth (Spider:4)
  3 orc warlords
  3 broodmothers (Spider:2)
  3 draconian annihilators
  3 ironbound preservers
  5 stone giants
  A reaper (D:1)
  A spriggan defender (Depths:3)
  A vampire knight (Depths:4)
  4 ironbound thunderhulks
  3 very ugly things
  2 formless jellyfish
  A war gargoyle (Vaults:3)
  4 deep elf demonologists (Elf:3)
  5 black draconians
  4 green draconians
  7 deep elf annihilators
  6 purple draconians
  4 yellow draconians
  2 spark wasps (Depths:3)
  5 red draconians
  4 white draconians
  4 deep elf death magi
  11 ettins
  5 merfolk impalers
  3 fire dragons
  A merfolk javelineer (Depths:2)
  3 ice dragons
  A great orb of eyes (shapeshifter) (D:14)
  A deep elf high priest (Elf:3)
  3 entropy weavers
  5 yaktaur captains
  5 great orbs of eyes
  A fire dragon (shapeshifter) (Depths:3)
  2 rakshasas
  2 vault guards
  A salamander tyrant (Depths:4)
  2 peacekeepers (Vaults:3)
  3 radroaches (Spider:2)
  5 centaur warriors
  A spriggan air mage (Depths:3)
  A death knight (D:15)
  2 jorogumos
  3 catoblepae
  Erolcha (D:10)
  4 ironbound frosthearts
  2 tengu warriors
  A merfolk aquamancer (Shoals:4)
  2 boulder beetles
  3 merfolk avatars
  A two-headed ogre (D:9)
  A satyr (Shoals:4)
  7 deep troll shamans
  4 dancing weapons
  6 death yaks
  7 deep troll earth magi
  3 vampire magi
  An orc high priest (Orc:2)
  7 hell knights
  3 soul eaters
  4 deep elf knights
  A sun demon (Depths:3)
  4 iron trolls
  A goliath frog (Depths:4)
  A shadow wraith (Depths:4)
  A skyshark (Shoals:2)
  5 skeletal warriors
  A pharaoh ant (Spider:3)
  A salamander mystic (Depths:4)
  5 sea snakes
  The ghost of bmj180 the Chiller, a novice MfIE (D:7)
  4 glowing orange brains
  19 deep trolls
  5 orb spiders (Spider:3)
  A bog body (Lair:1)
  7 harpies
  9 deep elf pyromancers
  4 wizards
  4 steelbarb worms
  3 deep elf archers
  5 orc knights
  A necromancer (Depths:4)
  7 wolf spiders
  8 ironbound convokers
  A phantasmal warrior (D:15)
  6 ugly things
  10 deep elf zephyrmancers
  A mana viper (shapeshifter) (Depths:2)
  5 fauns
  An orc sorcerer (Orc:1)
  A tengu skeleton (Vaults:2)
  2 salamanders (Depths:4)
  15 moths of wrath
  A cyclops (Shoals:3)
  4 manticores
  7 vault sentinels
  8 elephants
  4 demonic crawlers
  A torpor snail (Spider:4)
  3 merfolk sirens
  An ice statue (IceCv)
  2 water nymphs
  A gargoyle (D:11)
  3 cane toads
  3 smoke demons
  4 large abominations
  An elf skeleton (Vaults:2)
  3 unseen horrors
  2 yaktaurs (shapeshifter)
  4 komodo dragons
  8 yaktaurs
  2 rime drakes
  A white draconian skeleton (Zot:3)
  A guardian mummy (Zot:3)
  A yaktaur skeleton (Vaults:2)
  An ice devil (Lair:1)
  3 tengu conjurers (Depths:1)
  A harpy zombie (Abyss:2)
  A silent spectre (Abyss:3)
  2 trolls
  9 merfolk
  A merfolk (shapeshifter) (Depths:2)
  2 meliai (Spider:4)
  7 tarantellas
  5 hornets
  3 wind drakes
  A tarantella (shapeshifter) (Depths:2)
  12 dream sheep
  A snapping turtle (Shoals:2)
  3 raiju (Abyss:3)
  A jumping spider (shapeshifter) (D:13)
  8 blink frogs
  2 culicivoras (Spider:4)
  21 slime creatures
  5 spriggans (Lair:5)
  7 jumping spiders
  Sigmund (D:5)
  A spriggan (shapeshifter) (D:13)
  A wyvern (D:7)
  An air elemental (Elf:2)
  A wraith (Shoals:3)
  8 yaks
  6 water elementals
  2 basilisks
  5 fire bats (Lair:1)
  A golden eye (Abyss:2)
  24 redbacks
  A steam dragon (Lair:1)
  A death yak simulacrum (IceCv)
  8 vampire mosquitoes
  A chaos spawn (Abyss:3)
  3 wargs
  2 acid dragons (D:8)
  3 water moccasins
  12 orc warriors
  A glowing shapeshifter skeleton (Vaults:2)
  2 floating eyes
  2 ice beasts (D:7)
  4 black bears
  A sky beast (D:7)
  4 ogres
  4 boggarts
  4 centaurs
  12 wolves
  A lemure (D:4)
  A phantom (Depths:4)
  Blork the orc (D:5)
  3 kobold brigands
  2 bullfrogs
  2 scorpions
  A small abomination (Depths:4)
  6 wights
  An elephant simulacrum (IceCv)
  3 howler monkeys
  3 electric eels
  2 quasits
  A hound (D:6)
  A lava snake (Lair:1)
  A jelly (Lair:5)
  8 orc priests
  4 starcursed masses (Abyss:3)
  A gnoll bouda (D:9)
  An iguana (D:7)
  10 orc wizards
  2 sleepcaps
  A hell rat (Depths:4)
  A polar bear simulacrum (Lair:1)
  7 gnolls
  4 adders (D:6)
  4 shadow imps
  A white imp (Abyss:3)
  A worm (D:5)
  47 orcs
  2 giant cockroaches
  2 goblins
  12 kobolds
  A rat (D:2)
  2 starspawn tentacles (Abyss:3)
  A tentacle (Shoals:4)
847 creatures vanquished.

Vanquished Creatures (others)
  A draconian scorcher (Zot:2)
  An ogre mage (Vaults:4)
  A deep elf knight (Elf:2)
  2 deep elf pyromancers (Elf:1)
  A draconian zombie (Zot:2)
  A purple draconian zombie (Zot:2)
  A moth of wrath zombie (Zot:2)
  A fire elemental (Elf:1)
  An orc warrior (Depths:2)
  A small abomination (Abyss:3)
  134 battlemagi
  2 ancestors (D:5)
  An orc (Depths:2)
  A starspawn tentacle (Abyss:3)
  26 tentacles (Shoals:4)
175 creatures vanquished.

Grand Total: 2272 creatures vanquished

Notes
Turn   | Place    | Note
-------+----------+-------------------------------------------
     0 | D:1      | Flugkiller the Mummy Wanderer began the quest for the Orb.
     0 | D:1      | Flugkiller set off with the following items: a +0 club, a
                  | +0 scale mail, a scroll of vulnerability, a wand of acid
                  | (3); and the following spell memorised: Necrotise; and the
                  | following spells available to memorise: Vampiric Draining.
     0 | D:1      | Reached XP level 1. HP: 15/15 MP: 4/4
   251 | D:1      | Reached XP level 2. HP: 11/21 MP: 1/6
   830 | D:2      | Reached skill level 2 in Fighting
   836 | D:2      | Noticed Robin
   916 | D:1      | Gained mutation: You are in touch with the powers of death.
                  | [Mummy growth]
   916 | D:1      | Reached XP level 3. HP: 25/27 MP: 5/7
  1038 | D:1      | Killed Robin
  1051 | D:1      | Learned a level 3 spell: Vampiric Draining
  1155 | D:2      | Found a faded altar of an unknown god.
  1208 | D:2      | Found a runed translucent door.
  1209 | D:2      | Noticed Crazy Yiuf
  1372 | D:2      | Noticed Terence
  1462 | D:1      | Killed Terence
  1463 | D:1      | Reached XP level 4. HP: 11/33 MP: 1/8
  2199 | D:3      | Reached XP level 5. HP: 20/38 MP: 0/10
  2580 | D:3      | Found a basalt altar of Yredelemnul.
  2863 | D:4      | Found a staircase to the Ecumenical Temple.
  2866 | D:4      | Noticed an ogre
  2873 | D:4      | Killed an ogre
  2874 | D:4      | Reached skill level 5 in Necromancy
  2874 | D:4      | Reached XP level 6. HP: 30/46 MP: 3/12
  2879 | Temple   | Entered the Ecumenical Temple
  2885 | Temple   | Became a worshipper of Hepliaklqana the Forgotten
  2948 | D:4      | Reached skill level 3 in Fighting
  3006 | D:4      | Found a glowing drain.
  3019 | Sewer    | Entered a sewer
  3261 | Sewer    | Reached skill level 5 in Spellcasting
  3264 | Sewer    | Got the Volume of Graupel and Moulding
  3427 | Sewer    | Reached XP level 7. HP: 49/52 MP: 14/14
  3758 | D:4      | Identified a scroll of acquirement
  3818 | D:4      | Reached skill level 1 in Maces & Flails
  3935 | D:4      | Reached skill level 4 in Fighting
  4043 | D:5      | Entered Level 5 of the Dungeon
  4043 | D:5      | Noticed Pikel
  4312 | D:5      | Reached * piety under Hepliaklqana
  4344 | D:5      | Found a large runed translucent door.
  4345 | D:5      | Found a large runed translucent door.
  4434 | D:5      | Noticed Sigmund
  4751 | D:5      | Killed Pikel
  4752 | D:5      | Reached skill level 1 in Dodging
  4752 | D:5      | Reached XP level 8. HP: 7/54 MP: 3/15
  4968 | D:5      | Found a shimmering blue altar of Sif Muna.
  5032 | D:5      | Killed Sigmund
  5053 | D:5      | Reached skill level 5 in Fighting
  5166 | D:5      | Noticed a two-headed ogre
  5242 | D:5      | Noticed Blork the orc
  5247 | D:5      | Killed Blork the orc
  5252 | D:5      | Reached skill level 5 in Maces & Flails
  5433 | D:5      | Killed a two-headed ogre
  5434 | D:5      | Reached skill level 6 in Fighting
  5434 | D:5      | Reached XP level 9. HP: 62/62 MP: 13/16
  5454 | D:5      | Reached ** piety under Hepliaklqana
  5455 | D:5      | Remembered your ancestor Lici as a battlemage
  5593 | D:5      | Found a sacrificial altar of Ru.
  5601 | D:5      | Found a bloodstained altar of Trog.
  6658 | D:7      | Reached *** piety under Hepliaklqana
  6710 | D:7      | Found a transporter.
  6721 | D:7      | Found a transporter.
  6800 | D:7      | Reached skill level 7 in Fighting
  6800 | D:7      | Reached skill level 5 in Armour
  6887 | D:7      | Reached XP level 10. HP: 71/71 MP: 16/19
  6946 | D:7      | Noticed bmj180's ghost (novice MfIE)
  7211 | D:8      | Found a radiant altar of Vehumet.
  7285 | D:8      | Noticed a two-headed ogre
  7348 | D:7      | Noticed a moth of wrath
  7469 | D:8      | Found an ornate altar of the Wu Jian Council.
  7864 | D:8      | Found the -2 hat of the Alchemist {rElec rPois rF+ rC+ rN+
                  | Will+ rMut rCorr}
  7975 | D:8      | Killed a two-headed ogre
  8153 | D:8      | Found an opulent altar of Gozag.
  8291 | D:9      | Identified the +5 whip of Attainder {freeze, Fly rPois rF-
                  | Will+}
  8329 | D:9      | Reached **** piety under Hepliaklqana
  8981 | D:9      | Noticed a two-headed ogre
  9035 | D:9      | Killed a two-headed ogre
  9036 | D:9      | Reached skill level 8 in Fighting
  9141 | D:9      | Found a staircase to the Orcish Mines.
  9316 | D:10     | Entered Level 10 of the Dungeon
  9442 | D:10     | Found a staircase to the Lair.
  9447 | D:10     | Identified the +8 chain mail "Hihauk" {rPois Str+6 Dex-4}
  9521 | D:10     | Noticed a green ugly thing
  9521 | D:10     | Noticed a tengu warrior
  9599 | D:10     | Noticed a centaur warrior
 10069 | D:10     | Killed a centaur warrior
 10070 | D:10     | Reached XP level 11. HP: 75/77 MP: 20/20
 10098 | D:10     | Noticed a wolf spider
 10106 | D:10     | Killed a wolf spider
 10120 | D:10     | Noticed a skeletal warrior
 10190 | D:10     | Killed a tengu warrior
 10360 | D:9      | Learned a level 4 spell: Dispel Undead
 10382 | D:10     | Found Kageekhlaloa's Weapon Boutique.
 10522 | D:10     | Found Guang's Mayhem Merchandise.
 10588 | D:10     | Noticed a boulder beetle
 10701 | D:10     | Killed a green ugly thing
 10702 | D:10     | Reached skill level 5 in Evocations
 10738 | D:10     | Noticed Erolcha
 10775 | D:10     | Killed Erolcha
 10816 | D:10     | Found an iron altar of Okawaru.
 10925 | D:10     | Noticed a skeletal warrior
 11091 | D:10     | Noticed a centaur warrior
 11100 | D:10     | Killed a centaur warrior
 11525 | D:10     | Killed a skeletal warrior
 11704 | D:10     | Killed a boulder beetle
 12284 | D:11     | Noticed a red ugly thing
 12284 | D:11     | Noticed a cyan ugly thing
 12307 | D:11     | Killed a red ugly thing
 12308 | D:11     | Reached skill level 10 in Maces & Flails
 12372 | D:11     | Reached ***** piety under Hepliaklqana
 12540 | D:11     | Killed a cyan ugly thing
 12570 | D:11     | Acquired a +4 eveningstar of flaming
 12620 | Lair:1   | Entered Level 1 of the Lair of Beasts
 12835 | Lair:1   | Reached XP level 12. HP: 72/84 MP: 21/21
 12875 | Lair:1   | Reached skill level 9 in Fighting
 12902 | Lair:1   | Reached skill level 10 in Fighting
 13065 | Lair:1   | Reached skill level 1 in Invocations
 14324 | Lair:2   | Noticed a boulder beetle
 14343 | Lair:2   | Noticed an eight-headed hydra
 14505 | Lair:2   | Killed an eight-headed hydra
 14624 | Lair:2   | Found a sacrificial altar of Ru.
 14698 | Lair:2   | Noticed a five-headed hydra
 14704 | Lair:2   | Killed a five-headed hydra
 14713 | Lair:2   | Found a runed translucent door.
 14715 | Lair:2   | Noticed Shym's ghost (journeyman DjCj)
 14719 | Lair:2   | Identified the +3 spear "Gucaemn" {flame, *Rage Dex+8
                  | Stlth-}
 14824 | Lair:2   | Gained mutation: You are strongly in touch with the powers
                  | of death. [Mummy growth]
 14824 | Lair:2   | Reached XP level 13. HP: 81/94 MP: 22/22
 15131 | Lair:2   | Reached skill level 11 in Fighting
 15828 | Lair:3   | Reached skill level 5 in Invocations
 16422 | Lair:3   | Found a hole to the Spider Nest.
 16551 | Lair:3   | Found a staircase to the Shoals.
 16697 | Lair:3   | Reached skill level 10 in Armour
 17085 | Lair:4   | Reached XP level 14. HP: 82/101 MP: 23/23
 17496 | Lair:4   | Found a runed translucent door.
 17497 | Lair:4   | Noticed Buethreca's ghost (journeyman TeAE)
 18122 | Lair:5   | Entered Level 5 of the Lair of Beasts
 18155 | Lair:5   | Found a hide-covered altar of Uskayaw.
 18256 | Lair:5   | Found an ornate altar of the Wu Jian Council.
 18305 | Lair:5   | Found a staircase to the Slime Pits.
 18644 | Lair:5   | Reached skill level 1 in Shields
 19051 | Lair:5   | Reached ****** piety under Hepliaklqana
 20000 | D:12     | Found a frozen archway.
 20022 | IceCv    | Entered an ice cave
 21224 | D:13     | Reached XP level 15. HP: 83/106 MP: 24/24
 21590 | D:13     | Reached skill level 5 in Shields
 22141 | D:14     | Found a gate to the Vaults.
 23299 | D:15     | Entered Level 15 of the Dungeon
 23516 | D:15     | Found the +3 pair of gauntlets of War {Slay+5}
 23671 | D:15     | Reached skill level 10 in Necromancy
 23677 | D:15     | Learned a level 5 spell: Agony
 23999 | D:15     | Noticed Louise
 24011 | D:15     | Killed Louise
 24354 | D:15     | Found a staircase to the Depths.
 24663 | Orc:1    | Entered Level 1 of the Orcish Mines
 24972 | Orc:2    | Entered Level 2 of the Orcish Mines
 24996 | Orc:2    | Found Kisisiuj's General Store.
 25569 | Orc:2    | Found Sykhyleu's Jewellery Shop.
 25713 | Orc:2    | Found a staircase to the Elven Halls.
 25938 | Orc:2    | Found Exoawem's Antique Weapon Emporium.
 26075 | Orc:2    | Found Bousk's Antique Armour Emporium.
 26525 | Orc:2    | Reached skill level 12 in Fighting
 26562 | Orc:2    | Found Dobb's Jewellery Shoppe.
 26880 | Orc:2    | Paralysed by an orc sorcerer for 3 turns
 26910 | Orc:2    | Bought the amulet "Najentohodd" {Spirit rC+ Will+ Str+3}
                  | for 894 gold pieces
 27071 | Shoals:1 | Entered Level 1 of the Shoals
 27336 | Shoals:1 | Noticed Aizul
 27363 | Shoals:1 | Killed Aizul
 27540 | Shoals:1 | Reached XP level 16. HP: 115/116 MP: 28/28
 27891 | Shoals:2 | HP: 3/116 [merfolk/+0 trident (6)]
 28293 | Shoals:2 | Reached skill level 13 in Fighting
 29149 | Shoals:3 | Noticed Polyphemus
 29505 | Shoals:3 | Killed Polyphemus
 29955 | Shoals:4 | Entered Level 4 of the Shoals
 29955 | Shoals:4 | Noticed Ilsuiw
 30629 | Shoals:4 | Killed Ilsuiw
 30907 | Shoals:4 | Reached XP level 17. HP: 122/122 MP: 29/29
 31007 | Shoals:4 | Identified the +1 dagger of Intimidation {freeze, Int+4}
 31072 | Shoals:4 | Reached skill level 10 in Shields
 31090 | Shoals:4 | Noticed a kraken
 31527 | Shoals:4 | Got a barnacled rune of Zot
 31691 | Shoals:4 | Killed a kraken
 32119 | Spider:1 | Entered Level 1 of the Spider Nest
 32548 | Lair:3   | Learned a level 5 spell: Irradiate
 32831 | Spider:1 | Reached skill level 1 in Conjurations
 32831 | Spider:1 | Reached skill level 1 in Transmutations
 33161 | Spider:1 | Identified the +2 robe of Oblivion {Harm Regen+ Dex-5 SInv}
 34063 | Spider:2 | Noticed Agnes
 34069 | Spider:2 | Killed Agnes
 34132 | Spider:2 | Found a runed translucent gate.
 34133 | Spider:2 | Found a runed translucent gate.
 34133 | Spider:2 | Noticed Hun Mipn's ghost (adept DERe)
 34134 | Spider:2 | Found a runed translucent gate.
 34840 | Spider:2 | Killed Hun Mipn's ghost
 34872 | Spider:2 | Reached XP level 18. HP: 107/128 MP: 31/31
 34878 | Spider:2 | Identified the ring "Gokeufa" {rN+ Will++ Int-5 Stlth+}
 35144 | D:7      | Killed bmj180's ghost
 35152 | D:7      | Identified the ring "Kunak" {rC+ rN+ Stlth+}
 35469 | Spider:2 | Reached skill level 5 in Conjurations
 35471 | Spider:2 | Reached skill level 5 in Transmutations
 36561 | Spider:3 | Identified the +1 falchion "Letoesi" {venom, rF+ rC- Str+3
                  | Int+5}
 36717 | Spider:3 | Noticed Arachne
 36797 | Spider:2 | Killed Arachne
 36928 | Spider:4 | Entered Level 4 of the Spider Nest
 39742 | Spider:4 | Identified the +0 pair of gloves "Sufam" {*Slow rF+ rCorr
                  | SInv}
 39756 | Spider:4 | Got a gossamer rune of Zot
 40000 | Orc:2    | Bought a runed scarf for 280 gold pieces
 40001 | Orc:2    | Bought a runed scarf for 280 gold pieces
 40076 | Elf:1    | Entered Level 1 of the Elven Halls
 40346 | Elf:1    | Reached XP level 19. HP: 134/134 MP: 32/32
 41135 | Elf:2    | Paralysed by an air elemental for 1 turns
 41409 | Elf:2    | Found Muavoed's Antique Weapon Shoppe.
 41450 | Elf:2    | Found a huge runed translucent gate.
 41544 | Elf:2    | Found a huge runed translucent gate.
 41544 | Elf:2    | Found a huge runed translucent gate.
 41544 | Elf:2    | Found a huge runed translucent gate.
 41544 | Elf:2    | Found a huge runed translucent gate.
 41544 | Elf:2    | Found a huge runed translucent gate.
 41566 | Elf:2    | Found a huge runed translucent gate.
 41567 | Elf:2    | Found a huge runed translucent gate.
 41645 | Elf:2    | Identified the +6 double sword of Wrath {heavy, rElec rF-
                  | rN++}
 41950 | Elf:2    | Found a runed translucent gate.
 41950 | Elf:2    | Found a runed translucent gate.
 41950 | Elf:2    | Found a runed translucent gate.
 42147 | Elf:3    | Entered Level 3 of the Elven Halls
 42175 | Elf:3    | Identified the +0 ring mail of Going Fast {rF- Regen+
                  | Str+4}
 42291 | Elf:3    | Reached skill level 10 in Conjurations
 42297 | Elf:3    | Reached skill level 10 in Transmutations
 43239 | Elf:3    | Identified the +10 mace of Defiance {holy, Int+3}
 43276 | Elf:3    | Paralysed by an air elemental for 1 turns
 43279 | Elf:3    | Identified the +10 falchion "Rysug" {freeze, +Blink rCorr}
 43548 | Elf:3    | Identified the +5 glaive of Egaufawk {pain, *Noise rC+
                  | Stlth+}
 43750 | Elf:3    | Identified the +0 scale mail "Ammuuni" {Rampage rC+ Str+2
                  | Stlth+}
 43805 | Elf:3    | Identified the +6 scale mail "Isasch" {SInv}
 43818 | Elf:3    | Identified the +7 arbalest of Agony {heavy, rN+ Str+5}
 43981 | Elf:3    | Identified the staff of air "Zyem" {rElec rPois}
 44013 | Elf:3    | Identified the staff of death "Hetowk Naxuo" {rN+ Dex+2}
 44082 | Elf:3    | Found a gateway to a bazaar.
 44124 | Elf:3    | Acquired 648 gold pieces
 44130 | Bazaar   | Entered a bazaar
 44132 | Bazaar   | Found Qieguc's Book Boutique.
 44136 | Bazaar   | Found Kuozu's General Store.
 44136 | Bazaar   | Found Ineadeh's Magic Scroll Boutique.
 44137 | Bazaar   | Found Nuafodaa's Armour Boutique.
 44142 | Bazaar   | Bought a scroll of blinking for 60 gold pieces
 44142 | Bazaar   | Bought a scroll of blinking for 60 gold pieces
 44142 | Bazaar   | Bought a scroll of enchant weapon for 60 gold pieces
 44162 | Bazaar   | Bought a scroll of torment for 76 gold pieces
 44162 | Bazaar   | Bought a scroll of teleportation for 24 gold pieces
 44162 | Bazaar   | Bought a scroll of teleportation for 24 gold pieces
 44162 | Bazaar   | Bought a scroll of teleportation for 24 gold pieces
 44163 | Bazaar   | Bought a scroll of fear for 32 gold pieces
 44163 | Bazaar   | Bought a scroll of fog for 32 gold pieces
 44181 | Bazaar   | Bought a book of Unlife for 540 gold pieces
 44557 | Vaults:1 | Entered Level 1 of the Vaults
 44735 | Vaults:1 | Reached XP level 20. HP: 75/140 MP: 9/33
 45104 | Vaults:1 | Reached skill level 10 in Spellcasting
 45220 | Vaults:1 | Found a runed translucent gate.
 45220 | Vaults:1 | Found a runed translucent gate.
 45220 | Vaults:1 | Found a runed translucent gate.
 45815 | Vaults:2 | Found a staircase to the Crypt.
 46605 | Vaults:2 | Found Giwuesin's Magic Scroll Shoppe.
 46613 | Vaults:2 | Bought a scroll of blinking for 90 gold pieces
 46613 | Vaults:2 | Bought a scroll of teleportation for 36 gold pieces
 46613 | Vaults:2 | Bought a scroll of teleportation for 36 gold pieces
 48548 | Vaults:3 | Reached XP level 21. HP: 140/145 MP: 35/37
 49814 | Vaults:4 | Noticed a golden dragon
 49833 | Vaults:4 | Killed a golden dragon
 50228 | Vaults:4 | Identified the ring "Kyugher" {Ice rElec rPois Str-5 Int+4}
 50242 | Vaults:4 | Identified the +0 spear of the Shining Light {freeze, rElec
                  | rPois rC+ Dex-2}
 50257 | Vaults:4 | Identified the staff of earth "Fazxea Muykh" {rF+ Str+3
                  | Int-3}
 50848 | Depths:1 | Entered Level 1 of the Depths
 51382 | Depths:1 | Found a gateway to Hell.
 51824 | Depths:1 | Found a runed translucent door.
 51827 | Depths:1 | Found a radiant altar of Vehumet.
 51827 | Depths:1 | Noticed an ancient lich
 51886 | Depths:1 | Found a portal to a secret trove of treasure.
 51898 | Depths:1 | Found a one-way gate to the infinite horrors of the Abyss.
 52352 | Depths:2 | Reached skill level 14 in Fighting
 52687 | Depths:2 | Reached XP level 22. HP: 154/154 MP: 34/38
 52778 | Depths:2 | Noticed Bai Suzhen
 52821 | Depths:2 | Noticed Saint Roka
 52824 | Depths:2 | Noticed Mara
 52832 | Depths:2 | Noticed Flugkiller's illusion
 52845 | Depths:2 | Found Epa Uri's Distillery.
 53232 | Depths:2 | Killed Bai Suzhen
 53600 | Abyss:2  | Cast into level 2 of the Abyss (hell knight)
 53773 | Abyss:3  | Reached skill level 15 in Maces & Flails
 53844 | Abyss:3  | Got an abyssal rune of Zot
 53993 | Depths:2 | Escaped the Abyss
 54251 | Depths:2 | Found a one-way gate leading to the halls of Pandemonium.
 54278 | Depths:2 | Noticed Flugkiller's illusion
 54288 | Depths:2 | Killed Saint Roka
 54530 | Depths:2 | Identified the staff of air "Feifur" {rElec SInv}
 54837 | Depths:2 | Noticed Flugkiller's illusion
 54838 | Depths:2 | Killed Mara
 55038 | Depths:2 | Found a sacrificial altar of Ru.
 55384 | Depths:3 | Found a one-way gateway to a ziggurat.
 55384 | Depths:3 | Noticed an ancient lich
 55384 | Depths:3 | Noticed a dread lich
 55384 | Depths:3 | Noticed a dread lich
 55396 | Depths:3 | Reached skill level 15 in Fighting
 55867 | Depths:3 | Identified the +1 chain mail "Inuwam" {rCorr}
 55982 | Depths:3 | Noticed a dread lich
 55991 | Depths:3 | Killed a dread lich
 56100 | Depths:3 | Identified the +4 falchion "Dotsos Modo" {drain, rF+ Int-5
                  | Dex+3}
 56467 | Depths:4 | Entered Level 4 of the Depths
 56560 | Depths:4 | Noticed a golden dragon
 56563 | Depths:4 | Killed a golden dragon
 57073 | Depths:4 | Reached XP level 23. HP: 138/162 MP: 35/39
 57408 | Depths:4 | Found a shimmering blue altar of Sif Muna.
 57682 | Depths:4 | Found a gate to the Realm of Zot.
 57843 | Depths:4 | Found a runed translucent gate.
 57843 | Depths:4 | Found a runed translucent gate.
 57843 | Depths:4 | Found a runed translucent gate.
 58327 | Depths:4 | Acquired the +5 pair of boots of Apathy {Harm rF+ rC+ rN+}
 58357 | Zot:1    | Entered Level 1 of the Realm of Zot
 58371 | Zot:1    | Noticed an orb of fire
 58388 | Zot:1    | Killed an orb of fire
 58389 | Zot:1    | Reached skill level 15 in Shields
 58633 | Zot:1    | Learned a level 4 spell: Animate Dead
 59246 | Zot:2    | Noticed an orb of fire
 59257 | Zot:2    | Killed an orb of fire
 59375 | Zot:2    | Noticed a Killer Klown
 59382 | Zot:2    | Noticed a Killer Klown
 59382 | Zot:2    | Noticed a Killer Klown
 59384 | Zot:2    | Noticed an orb of fire
 59611 | Zot:2    | Noticed an ancient lich
 60031 | Zot:2    | Noticed a curse toe
 60158 | Zot:1    | Killed a curse toe
 60249 | Zot:2    | Killed a Killer Klown
 60341 | Zot:2    | Killed an orb of fire
 60342 | Zot:2    | Reached skill level 16 in Fighting
 60362 | Zot:2    | Killed an ancient lich
 60464 | Zot:2    | Killed a Killer Klown
 60680 | Zot:2    | Killed a Killer Klown
 61045 | Zot:2    | Reached skill level 10 in Invocations
 61152 | Zot:2    | Reached XP level 24. HP: 101/171 MP: 23/39
 62126 | Zot:3    | Reached skill level 10 in Evocations
 62130 | Zot:3    | Reached skill level 17 in Fighting
 63121 | Zot:4    | Reached skill level 18 in Fighting
 64129 | Zot:5    | Entered Level 5 of the Realm of Zot
 64253 | Zot:5    | Reached skill level 19 in Fighting
 64668 | Zot:5    | Noticed a Killer Klown
 64672 | Zot:5    | Noticed an orb of fire
 64674 | Zot:5    | Killed a Killer Klown
 64680 | Zot:5    | Killed an orb of fire
 64681 | Zot:5    | Reached skill level 20 in Fighting
 64694 | Zot:5    | Noticed a dread lich
 64698 | Zot:5    | Killed a dread lich
 64701 | Zot:5    | Noticed a dread lich
 64702 | Zot:5    | Noticed an orb of fire
 64704 | Zot:5    | Killed a dread lich
 64710 | Zot:5    | Killed an orb of fire
 64823 | Zot:5    | Reached XP level 25. HP: 187/189 MP: 39/39
 65227 | Zot:5    | Noticed an orb of fire
 65236 | Zot:5    | Noticed a Killer Klown
 65239 | Zot:5    | Killed an orb of fire
 65352 | Zot:5    | Killed a Killer Klown
 65384 | Zot:5    | Noticed a Killer Klown
 65398 | Zot:5    | Killed a Killer Klown
 65463 | Zot:5    | Noticed an orb of fire
 65475 | Zot:5    | Killed an orb of fire
 65568 | Zot:5    | Noticed an orb of fire
 65576 | Zot:5    | Noticed an orb of fire
 65992 | Zot:5    | Reached skill level 15 in Armour
 66069 | Zot:5    | Killed an orb of fire
 66163 | Zot:5    | Killed an orb of fire
 67038 | Zot:5    | Got the Orb of Zot
 67355 | D:12     | Noticed Imacol the pandemonium lord
 67625 | D:1      | gg
 67626 | D:$      | Escaped with the Orb!

Illustrated notes

#.....# #.....#
### #.....# #..
####.## #.. #.#
#.. #.# #.. #.#
#.. #.# ### #..
#.# #@# #.. #.#
###R### #.. #.#
#.'.+[# #.. #.#
###.###.### #..
#.# #.'#'.'#'.#
#..
#.####.###.###.###
#..
#.##.'#+.+#+.+#'.#
#..
#.##.###.###.###.#
#..
#................#
###


Turn 67625 on D:1: gg

Levels and vault maps discovered:
D:1:      erik_arrival_triangle_medium, layout_basic
D:2:      layout_basic, dreamdust_ecumenical_altar_drowned_temple,
          kennysheep_nondescript, minmay_rat_hole, uniq_crazy_yiuf_cottage,
          uniq_terence, uniq_robin
D:3:      layout_rooms, mainiacjoe_overflow_brackets, minivault_23, hex_tiny
D:4:      layout_rooms, tso_oasis_becter, minmay_temple_entry_statues_pillars,
          portal_sewer_entry_f
D:5:      layout_basic, mainiacjoe_overflow_alcove_4, jmf_multi_god_temple2,
          uniq_pikel, uniq_sigmund, uniq_blork_the_orc
D:6:      layout_cave_pods
D:7:      layout_loops_ring, gammafunk_ghost_berserking_beasts
D:8:      layout_basic, nicolae_gozag_seed_capital, vehumet_altar_wand_db,
          mainiacjoe_overflow_surrounded_room, item_on_display_a
D:9:      layout_irregular_city, hiddenorc2_lemuel
D:10:     minmay_cut_squares, layout_loops_ring, mainiacjoe_overflow_catwalk,
          hellmonk_okawaru_the_only_friend_you_need, serial_shops,
          nicolae_shop_bloodbath_and_beyond, minmay_shop_mayhem, minivault_10,
          uniq_erolcha
D:11:     layout_gridville, chequers_serial_rivers_micro_d, elyvilon_altar_5
D:12:     lemuel_ice_spiral_2, layout_basic, portal_ice_cave_entry_pillars_1,
          grunt_decor_one_mirror
D:13:     layout_loops_ring, hangedman_decor_push
D:14:     layout_basic, david_vaults_2, grunt_decor_mini_mirrors,
          minmay_hedge_maze
D:15:     grunt_enter_depths_snipers, layout_loops_ring,
          minmay_misc_feat_enclosed, st_stairs_8, uniq_louise
Temple:   nicolae_temple_no_exploring_needed
Lair:1:   dreamdust_isle_of_ice, layout_gridlike
Lair:2:   beast_lair_carwin_large_2, layout_big_grid,
          ebering_ghost_funeral_grove, basic_altar, grunt_megastairs_3
Lair:3:   beargit_carnivore_pack, layout_gridlike, minmay_shoals_entry_centaurs,
          hellmonk_spider_entry_life_and_decay
Lair:4:   layout_long_grid, ebering_ghost_inner_flame, serial_bayou_lagoon_a,
          cheibrodos_lair_lostbears, infiniplex_staircase_pool_2
Lair:5:   minmay_lair_end_enchanted_forest, layout_hall_layers,
          nicolae_slime_entry_field_trip, nzn_masters_of_martial_movement
Shoals:1: layout_shoals, uniq_aizul
Shoals:2: layout_shoals
Shoals:3: layout_shoals, nicolae_shoals_so_close, uniq_polyphemus
Shoals:4: shoals_end_hangedman, layout_shoals, shoals_ilsuiw_alternative,
          nicolae_shoals_hunting_party
Spider:1: nicolae_spider_mines_3
Spider:2: layout_chambers, gammafunk_ghost_split, uniq_agnes
Spider:3: layout_spider_delve, nicolae_spider_orb_run, uniq_arachne
Spider:4: hellmonk_spider_rune_bug_friends
Orc:1:    layout_caves
Orc:2:    grunt_orc_gardens, layout_diamond_mine, grunt_orc_garden,
          grunt_orc_garden, grunt_orc_garden, grunt_orc_garden,
          guppyfry_orc_lava_fort
Elf:1:    eino_elf_arrival_shootout, layout_loops_corners,
          hangedman_corner_corridor
Elf:2:    nicolae_elf_blades_splatter_lattice [nooodl_blade_entry_preview],
          layout_geoelf_diagonals, serial_shops, nicolae_shop_real_fake_doors,
          nicolae_elf_double_double_double_trouble
Elf:3:    grunt_elf_hall_diamonds, layout_geoelf_castle, serial_shops,
          statue_bzr
Vaults:1: ploomutoo_gammafunk_ghost_potion_laboratory,
          ontoclasm_vaults_loading_screen, hangedman_vaults_nails,
          ontoclasm_vaults_shout, nicolae_vaults_turnstiles, v_misc_9,
          nicolae_vaults_trapezoid_3, nicolae_vaults_sesquioval_fish,
          nicolae_vaults_tetromino_Z_1, nicolae_vaults_little_ls,
          layout_vaults_big_room
Vaults:2: nicolae_vaults_offset_grid_hallway_4,
          minmay_crypt_entry_skeletal_spiral, hangedman_vaults_impose,
          ontoclasm_vaults_shuriken, ontoclasm_vaults_claustrophobia,
          nicolae_vaults_diamond_2, vaults_standard_mumra_enter_the_diamond,
          vaults_room_hallway, layout_vaults_omnigrid, serial_shops,
          nicolae_square_shop
Vaults:3: v_pattern_2, vaults_standard_mumra_enter_the_diamond, v_misc_27,
          nicolae_vaults_triangles, v_alt_pattern_4,
          vaults_room_grunt_arrival_ludios, st_quartered_hall, v_misc_22,
          nicolae_vaults_swerve, nicolae_vaults_more_shelving_1,
          nicolae_vaults_specimen_jars, nicolae_vaults_double_plus_1,
          nicolae_vaults_tetromino_T_2, layout_vaults_maze_snakey
Vaults:4: st_greater_box_5, vaults_room_door_hall,
          nicolae_vaults_trapezoid_lopsided_1, nicolae_vaults_tetromino_L_1,
          nicolae_vaults_oval_intersection, nicolae_vaults_little_squares_2,
          nicolae_vaults_doubleplus_tesselated,
          nicolae_vaults_trapezoid_lopsided_3, ontoclasm_vaults_gateway,
          serial_ice_h, vaults_room_pool, nicolae_vaults_apartment_1,
          nicolae_vaults_little_squares_3, nicolae_vaults_octothorpe,
          layout_vaults_omnicross
Depths:1: layout_roguey, pf_vacation_house_of_asmodeus, enter_trove_2,
          serial_bayou_ford_a, abyss_entry_crystal, chequers_big_river,
          chequers_serial_rivers_micro_c, grunt_absolute_annihilation
Depths:2: nzn_winding_woodlands_stair_trap [nzn_winding_woodlands_5x15_pockets,
          nzn_winding_woodlands_5x15_split_checker,
          nzn_winding_woodlands_5x15_concentric,
          nzn_winding_woodlands_15x15_thick_spiral,
          nzn_winding_woodlands_5x15_sidewinder, nzn_winding_woodlands_5x15_eye,
          nzn_winding_woodlands_5x15_lazy_stream], layout_cave_pools,
          hell_entry, pan_entry, serial_shops, nicolae_shop_tiny_waterfront,
          nicolae_ru_awakened_eye, infiniplex_staircase_door_maze, uniq_mara,
          uniq_saint_roka, uniq_bai_suzhen
Depths:3: cross_vault, layout_basic, enter_ziggurat_d, rand_demon_pan_entry_7,
          hell_entry, abyss_entry, minmay_staircase_statues
Depths:4: evilmike_zot_entry_diamond, layout_gridville, lemuel_blue_sif_altar,
          abyss_entry_small_statue_room, hellmouth_3,
          wad_floor_pattern_untrapped, pandoras_box_mu
Zot:1:    layout_basic, grunt_megastairs_5
Zot:2:    ebering_klown_carousel, layout_misc_corridors
Zot:3:    hangedman_snap_crack_crunch, layout_cathedral_of_symmetry
Zot:4:    layout_onion
Zot:5:    layout_misc_corridors

Skill      XL: |  1  2  3  4  5  6  7  8  9 10 11 12 13 14 15 16 17 18 19 20 21 22 23 24 25 |
---------------+----------------------------------------------------------------------------+-----
Spellcasting   | 3 4 5 6 8 9 12 | 12.0
Fighting       | 2 3 4 6 7 8 10 11 12 13 14 15 16 20 | 20.4
Necromancy     | 4 5 6 8 11 | 11.0
Maces & Flails | 4 6 8 10 11 12 14 15 16 | 16.0
Armour         | 3 4 5 7 8 10 11 12 13 14 15 | 15.2
Dodging        | 1 2 |  2.2
Evocations     | 3 5 6 7 9 10 | 10.0
Invocations    | 3 6 8 10 11 12 | 12.0
Shields        | 4 5 9 12 14 15 | 15.0
Conjurations   | 4 8 11 13 | 13.6
Transmutations | 4 8 11 13 | 13.6

Action                     |  1- 3 |  4- 6 |  7- 9 | 10-12 | 13-15 | 16-18 | 19-21 | 22-24 | 25-27 || total
---------------------------+-------+-------+-------+-------+-------+-------+-------+-------+-------++-------
  Melee: Club              |    92 |   141 |     1 |       |       |       |       |       |       ||   234
         Flail             |       |       |   117 |   123 |       |       |       |       |       ||   240
         Short sword       |       |       |    12 |       |       |       |       |       |       ||    12
         Morningstar       |       |       |       |    57 |       |       |       |       |       ||    57
         Punch             |       |       |       |     3 |     3 |       |       |       |       ||     6
         Eveningstar       |       |       |       |   191 |   840 |  1035 |  1233 |  1240 |   136 ||  4675
   Cast: Necrotise         |    52 |    90 |   106 |    27 |       |       |       |       |       ||   275
         Vampiric Draining |       |     7 |    12 |    13 |     2 |       |       |       |       ||    34
         Dispel Undead     |       |       |       |       |     3 |       |       |     5 |       ||     8
         Agony             |       |       |       |       |     3 |       |       |       |       ||     3
         Irradiate         |       |       |       |       |       |       |     3 |    10 |     9 ||    22
         Animate Dead      |       |       |       |       |       |       |       |     4 |       ||     4
 Invoke: Recall Ancestor   |       |       |     4 |     8 |     2 |     5 |     2 |    13 |     7 ||    41
         Ancestor Identity |       |       |     1 |       |       |       |       |       |       ||     1
         Ancestor Life: Ba |       |       |     1 |       |       |       |       |       |       ||     1
         Transference      |       |       |       |       |     2 |     2 |     1 |     2 |       ||     7
         Idealise          |       |       |       |       |       |     5 |     4 |    11 |     1 ||    21
  Evoke: Wand              |     2 |     1 |       |     7 |     3 |    18 |     1 |    10 |     4 ||    46
         Lightning rod     |       |       |       |       |       |     3 |     2 |       |       ||     5
         Phantom mirror    |       |       |       |       |       |     1 |     1 |       |       ||     2
         Box of beasts     |       |       |       |       |       |     1 |       |       |       ||     1
         Phial of floods   |       |       |       |       |       |       |     1 |       |       ||     1
    Use: Scroll            |       |     6 |     3 |     7 |     8 |    17 |     9 |    17 |     4 ||    71
   Stab: Distracted        |       |       |     1 |     3 |     7 |     9 |    18 |    34 |     2 ||    74
         Paralysed         |       |       |       |     5 |       |     2 |       |       |       ||     7
         Petrified         |       |       |       |       |       |     3 |       |       |       ||     3
         Confused          |       |       |       |       |       |     1 |       |       |       ||     1
 Armour: Scale mail        |    53 |       |       |       |       |       |       |       |       ||    53
         Ring mail         |    32 |   101 |   106 |    52 |       |       |       |       |       ||   291
         Chain mail        |       |       |       |   247 |   532 |   797 |   565 |    43 |       ||  2184
         Storm dragon scal |       |       |       |       |       |       |       |   615 |    46 ||   661
  Dodge: Dodged            |    82 |   116 |   119 |   353 |   579 |   604 |   500 |   483 |    38 ||  2874
         Repelled          |       |       |       |       |       |     2 |    23 |    32 |     2 ||    59
  Block: Kite shield       |       |       |       |       |    31 |       |       |       |       ||    31
         Buckler           |       |       |       |       |   131 |    37 |       |       |       ||   168
         Tower shield      |       |       |       |       |       |  1016 |  1022 |  1231 |    96 ||  3365

Table legend: (Time is in decaauts)
 A = Elapsed time spent in this place.
 B = Non-inter-level travel time spent in this place.
 C = Inter-level travel time spent in this place.
 D = Time resting spent in this place.
 E = Time spent auto-exploring this place.
 F = Levels seen in this place.
 G = Mean time per level.
                   A        B        C        D        E       F      G
               +--------+--------+--------+--------+--------+-----+--------+
         Total |  68143 |  63643 |   4500 |  20207 |  26451 |  53 | 1285.7 |
       Dungeon |  18639 |  16818 |   1821 |   4618 |   7726 |  15 | 1242.6 |
        Temple |     12 |     12 |      0 |      0 |      0 |   1 |   12.0 |
          Lair |   7545 |   6803 |    742 |   2175 |   2782 |   5 | 1509.0 |
        Shoals |   5292 |   4989 |    303 |   1973 |   1677 |   4 | 1323.0 |
   Spider Nest |   6914 |   6644 |    270 |   2541 |   2495 |   4 | 1728.5 |
  Orcish Mines |   2271 |   1960 |    311 |    739 |    786 |   2 | 1135.5 |
   Elven Halls |   4200 |   4071 |    129 |   1252 |   1814 |   3 | 1400.0 |
        Vaults |   6185 |   5930 |    255 |   1486 |   3016 |   4 | 1546.2 |
        Depths |   7055 |   6795 |    260 |   2029 |   2885 |   4 | 1763.8 |
           Zot |   8732 |   8325 |    407 |   2927 |   3146 |   5 | 1746.4 |
         Abyss |    378 |    378 |      0 |     84 |     18 |   3 |  126.0 |
        Bazaar |     66 |     66 |      0 |      0 |     16 |   1 |   66.0 |
         Sewer |    446 |    446 |      0 |    196 |     61 |   1 |  446.0 |
      Ice Cave |    401 |    401 |      0 |    187 |     25 |   1 |  401.0 |
               +--------+--------+--------+--------+--------+-----+--------+

Top non-repeatable levels by time:
   Zot:5: 2888 daAuts
Spider:4: 2279 daAuts
     D:9: 2211 daAuts
Spider:2: 2101 daAuts
   Zot:2: 2047 daAuts
Depths:1: 1996 daAuts
    D:10: 1903 daAuts
   Elf:3: 1872 daAuts
Vaults:3: 1859 daAuts
Depths:3: 1822 daAuts
Spider:3: 1782 daAuts
  Lair:3: 1771 daAuts
Depths:2: 1754 daAuts
Vaults:4: 1743 daAuts
  Lair:2: 1692 daAuts
